 Dungeon Crawl Stone Soup version 0.26.1-10-gdfb7c7de75 (webtiles) character file.

Game seed: 10086786408353076734

58 Descartes the Sneak (level 3, 0/15 HPs)
             Began as a Felid Transmuter on Apr 9, 2021.
             Slain by a worm (9 damage)
             ... on level 2 of the Dungeon.
             The game lasted 00:03:50 (2163 turns).

Descartes the Sneak (Felid Transmuter)              Turns: 2163, Time: 00:03:50

Health: 0/15       AC:  1    Str:  6    XL:     3   Next: 76%
Magic:  6/7        EV: 22    Int: 15    God:
Gold:   265        SH:  0    Dex: 16    Spells: 5/6 levels left
                                        Lives:  0   Deaths: 0

rFire    . . .     SeeInvis +     - Unarmed
rCold    . . .     Faith    .   (shield unavailable)
rNeg     . . .     Spirit   .   (armour unavailable)
rPois    .         Reflect  .   (helmet unavailable)
rElec    .         Harm     .   (cloak unavailable)
rCorr    .         Rampage  .   (gloves unavailable)
Will     .....                  (boots unavailable)
Stlth    +++.......             (no amulet)
HPRegen  0.05/turn              h - +4 ring of evasion
MPRegen  0.10/turn              (no ring)

@: appendages, quick
A: very small, no armour, no weapons or thrown items, stealth, claws 1, fangs 3,
horns 2, see invisible, speed 1, shaggy fur 1, sharp paws
a: End Transformation


You were on level 2 of the Dungeon.
You had grown temporary horns.
You visited 1 branch of the dungeon, and saw 2 of its levels.

You collected 265 gold pieces.

Inventory:

Missiles
 c - 44 arrows
 d - 42 bolts
 f - 42 stones
 k - 8 poisoned darts
Jewellery
 h - a +4 ring of evasion (left paw)
Scrolls
 e - 2 scrolls of remove curse {unknown}
 g - a scroll of noise {unknown}
 j - a scroll of fog {unknown}
 l - 4 scrolls of teleportation {unknown}
Potions
 a - a potion of cancellation {unknown}
 b - 2 potions of lignification {unknown}
 i - a potion of mutation {unknown}


   Skills:
 - Level 1.0 Fighting
 - Level 2.6 Dodging
 + Level 5.1 Stealth
 - Level 3.0 Unarmed Combat
 - Level 2.0 Spellcasting
 - Level 2.1 Transmutations


You had 5 spell levels left.
You knew the following spells:

 Your Spells              Type           Power        Failure   Level
a - Beastly Appendage     Tmut           16%          9%          1

Your spell library contained the following spells:

 Spells                   Type           Power        Failure   Level
 Wereblood                Tmut           8%           14%         2
 Spider Form              Tmut/Pois      2%           38%         3
 Ice Form                 Ice/Tmut       4%           80%         4
 Blade Hands              Tmut           4%           94%         5


Dungeon Overview and Level Annotations

Branches:
Dungeon (2/15)

Altars:


Innate Abilities, Weirdness & Mutations

You cannot wear armour.
You are incapable of wielding weapons or throwing items.
Your paws allow you to move quietly. (Stealth)
You have sharp claws.
You have razor-sharp teeth.
You have supernaturally acute eyesight. (SInv)
You cover ground quickly.
You are covered in fur. (AC +1)
Your sharp claws are effective at attacking unaware monsters.
You have a pair of horns on your head.


Message History

Your horns disappear.
A goblin comes into view.
Found 20 bolts.
A goblin is nearby!
Casting: Beastly Appendage (safe; 9% risk of failure)
Confirm with . or Enter, or press ? or * to list all spells.
You grow a pair of large bovine horns.
A worm comes into view.
The goblin shouts!
You scratch the worm.
The worm is lightly wounded.
The worm bites you.
You scratch the worm. You headbutt the worm.
The worm is moderately wounded.
A worm comes into view.
You completely miss the worm.
The worm is moderately wounded.
The worm bites you!
Ouch! That really hurt!
You die...

#.# .... .# #.# ....
.##.# #÷# ...(w ...#
###.# ..... ...# #...#
...... ...# #.###
.....w##B.# #.#
.......g..#####.#
#..w@........#####
#.###.#####......#
##.###.#####..###.#
#..........#..# #.##
#..###.###.#..####.###
.......†..........##.#.
##..####.##.....##.##.#
.. ...#.......# ###
###...........#


You could see 3 worms, a giant cockroach and a goblin.

Vanquished Creatures
  A gnoll (D:1)
  A worm (D:2)
  2 dart slugs
  2 giant cockroaches
  8 goblins
  6 hobgoblins
  A quokka (D:2)
  4 bats
  3 frilled lizards
  5 kobolds
  7 rats
40 creatures vanquished.

Notes
Turn   | Place    | Note
-------+----------+-------------------------------------------
     0 | D:1      | Descartes the Felid Transmuter began the quest for the Orb.
     0 | D:1      | Reached XP level 1. HP: 9/9 MP: 4/4
   207 | D:1      | Reached skill level 1 in Stealth
   511 | D:1      | Reached skill level 2 in Stealth
   548 | D:1      | Reached XP level 2. HP: 11/12 MP: 4/6
   699 | D:1      | Reached skill level 3 in Stealth
   998 | D:1      | Reached skill level 4 in Stealth
   998 | D:1      | Reached XP level 3. HP: 15/15 MP: 7/7
  1728 | D:2      | Reached skill level 5 in Stealth
  2163 | D:2      | Slain by a worm

Illustrated notes

Levels and vault maps discovered:
D:1:      dpeg_arrival_short_road, layout_basic, corexii_leaking_fountain
D:2:      layout_loops_ring, amethyst_killhole

Skill      XL: |  1  2  3 |
---------------+----------+-----
Stealth        | 2 4 5 |  5.1
Fighting       | |  1.0
Dodging        | |  2.6
Unarmed Combat | |  3.0
Spellcasting   | |  2.0
Transmutations | |  2.1

Action                   || total
-------------------------++-------
Melee: Unarmed           ||   120
       Bite              ||    10
       Headbutt          ||    11
       Punch             ||     2
 Cast: Beastly Appendage ||    27
 Stab: Sleeping          ||    10
Armor: Skin              ||     6
Dodge: Dodged            ||   110
